 Dungeon Crawl Stone Soup version 0.22-a0-307-g2b15929 (webtiles) character file.

167 xccam the Chopper (level 5, -3/41 HPs)
             Began as a Formicid Fighter on Apr 1, 2018.
             Killed from afar by Sigmund (8 damage)
             ... with a magic dart
             ... on level 4 of the Dungeon.
             The game lasted 00:04:39 (2362 turns).

xccam the Chopper (Formicid Fighter)                Turns: 2362, Time: 00:04:40

Health: -3/41      AC:  8    Str: 26    XL:     5   Next: 76%
Magic:  5/5        EV:  8    Int:  8    God:
Gold:   142        SH: 10    Dex: 10    Spells: 4/4 levels left

rFire    . . .     SeeInvis +   a - +0 war axe
rCold    . . .     Gourm    .   c - +0 shield
rNeg     . . .     Faith    .   b - +0 scale mail
rPois    +         Spirit   .   (helmet unavailable)
rElec    .         Reflect  .   (no cloak)
rCorr    .         Harm     .   l - +0 pair of gloves
MR       +....                  (no boots)
Stlth    ..........             (no amulet)
HPRegen  0.13/turn              g - ring of poison resistance
MPRegen  0.09/turn              B - ring of protection from magic

@: mighty
A: permanent stasis, dig shafts and tunnels, four strong arms, antennae 3
a: Dig, Shaft Self


You were on level 4 of the Dungeon.
You were not hungry.

You visited 1 branch of the dungeon, and saw 4 of its levels.

You collected 142 gold pieces.

Inventory:

Hand Weapons
 a - a +0 war axe (weapon)
Armour
 b - a +0 scale mail (worn)
 c - a +0 shield (worn)
 l - a +0 pair of gloves (worn)
Jewellery
 g - a ring of poison resistance (left hand)
 k - an uncursed ring of ice
 B - a ring of protection from magic (right hand)
Scrolls
 e - a scroll of enchant weapon {unknown}
 j - 2 scrolls of fear {unknown}
 m - 2 scrolls of noise {unknown}
 p - 3 scrolls of teleportation {unknown}
 q - a scroll of amnesia {unknown}
 t - a scroll of blinking {unknown}
 v - 2 scrolls of fog {unknown}
 x - 2 scrolls of remove curse {unknown}
 y - 2 scrolls of magic mapping {unknown}
 A - a scroll of identify {unknown}
Potions
 h - a potion of brilliance {unknown}
 i - a potion of invisibility {unknown}
 n - a potion of lignification {unknown}
 o - 2 potions of degeneration {unknown}
 r - a potion of haste {unknown}
 s - a potion of curing {unknown}
 u - a potion of mutation {unknown}
 w - a potion of berserk rage {unknown}
Comestibles
 f - 8 rations


   Skills:
 - Level 3.2 Fighting
 + Level 5.5 Axes
 - Level 3.2 Armour
 - Level 3.6 Shields


You had 4 spell levels left.
You didn't know any spells.

Dungeon Overview and Level Annotations

Branches:
Dungeon (4/15)
 Temple: D:4-7

Altars:
Fedhas
Hepliaklqana
Makhleb
Qazlal
Trog
Xom

Annotations:
D:4 Sigmund


Innate Abilities, Weirdness & Mutations

You cannot be hasted, slowed, berserked, paralysed or teleported.
You can dig through walls and to a lower floor.
Your four strong arms can wield two-handed weapons with a shield.
You have a pair of large antennae on your head. (SInv)


Message History

Unknown command.
You feel very mighty all of a sudden. Sigmund hits you with a scythe.
* * * LOW HITPOINT WARNING * * *
You barely miss Sigmund.
Sigmund is almost dead.
You miss Sigmund.
Sigmund is almost dead.
You block Sigmund's attack.
You barely miss Sigmund.
Sigmund is almost dead.
Sigmund closely misses you.
You closely miss Sigmund.
Sigmund is almost dead.
Sigmund hits you but does no damage.
Your shield prevents you from hitting Sigmund.
Sigmund is almost dead.
Sigmund points at you and mumbles some strange words.
The magic dart hits you!
You die...

#####...###
#......# .
#.#.#..## ..
#.#.##..## .P
#.#.##...# #.
##.#.##...# #..##
#..#.###..#
#...@##.##.# #..##
#.@..##.###...##
##..###..##.#..####
#..# ##.##.##....#
...# #..#.#####..
#.#.# ##....# ##.
#.#.# ##.#.######
..#.# #.#....##.
..##.. #.#....(..
#.........


You could see Sigmund (invisible).

Vanquished Creatures
  A bullfrog skeleton (D:4)
  A hound skeleton (D:4)
  3 adders (D:2)
  An adder skeleton (D:4)
  4 worms
  3 dart slugs
  3 leopard geckos
  3 orcs (D:4)
  3 giant cockroaches (D:1)
  14 goblins
  7 hobgoblins
  3 jackals (D:1)
  6 kobolds
  2 quokkas (D:2)
  A ball python (D:1)
  5 bats
  5 frilled lizards
  10 rats
  A bush (D:2)
76 creatures vanquished.

Notes
Turn   | Place    | Note
-------+----------+-------------------------------------------
     0 | D:1      | xccam the Formicid Fighter began the quest for the Orb.
     0 | D:1      | Reached XP level 1. HP: 18/18 MP: 1/1
    84 | D:1      | Reached XP level 2. HP: 21/24 MP: 2/2
   237 | D:1      | Reached skill level 3 in Axes
   351 | D:1      | Reached XP level 3. HP: 26/29 MP: 3/3
   433 | D:1      | Found a shimmering altar of Xom.
   741 | D:2      | Found a blossoming altar of Fedhas.
   775 | D:2      | Reached skill level 4 in Axes
   775 | D:2      | Reached XP level 4. HP: 35/35 MP: 4/4
   892 | D:2      | Found a stormy altar of Qazlal.
   965 | D:2      | Found a hazy altar of Hepliaklqana.
  1116 | D:2      | Found a bloodstained altar of Trog.
  1222 | D:2      | Found a burning altar of Makhleb.
  1367 | D:2      | Found a faded altar of an unknown god.
  1652 | D:3      | Reached XP level 5. HP: 39/41 MP: 5/5
  2178 | D:4      | Reached skill level 5 in Axes
  2345 | D:4      | Noticed Sigmund
  2362 | D:4      | Killed from afar by Sigmund

Vault maps used:
D:1:      minmay_arrival_diagonal_passages, xom_teletrap_fun
D:2:      grunt_temple_overflow_forces_of_nature, grunt_temple_overflow_open,
          bloody_trog, chequers_ecumenical_altar_lobes
D:4:      kiku_gazebo_garden_becter, elyvilon_altar_5, uniq_sigmund

Skill      XL: |  1  2  3  4  5 |
---------------+----------------+-----
Axes           | 3 4 5 |  5.5
Fighting       | |  3.2
Armour         | |  3.2
Shields        | |  3.6

Action                   |  1- 3 |  4- 6 || total
-------------------------+-------+-------++-------
Melee: War axe           |    96 |   193 ||   289
  Use: Potion            |       |     1 ||     1
  Eat: Chunk             |       |     5 ||     5
Armor: Scale mail        |    46 |    51 ||    97
Dodge: Dodged            |    25 |    37 ||    62
Block: Shield            |    54 |    75 ||   129

Table legend:
 A = Spawn XP
 B = Non-spawn XP
 C = Spawn XP percentage of total XP
 D = Spawn monster count
 E = Non-spawn monster count
 F = Spawn count percentage of total count
 G = Total turns spent on level
                    A         B        C        D         E        F      G
               +---------+---------+-------+---------+---------+-------+---------
         Total |       0 |     239 |   0.0 |       0 |      75 |   0.0 |  2362
               +---------+---------+-------+---------+---------+-------+---------
           D:1 |       0 |      55 |   0.0 |       0 |      32 |   0.0 |   736
           D:2 |       0 |      69 |   0.0 |       0 |      18 |   0.0 |   745
           D:3 |       0 |      37 |   0.0 |       0 |      18 |   0.0 |   694
           D:4 |       0 |      78 |   0.0 |       0 |       7 |   0.0 |   187
               +---------+---------+-------+---------+---------+-------+---------
